 Dungeon Crawl Stone Soup version 0.32-a0-135-g14f8b2e1af (webtiles) character file.

Game seed: 11352505588439318839

55 Kenran the Shooter (level 3, 0/18 HPs)
             Began as a Spriggan Hunter on Feb 10, 2024.
             Slain by a rat (3 damage)
             ... while paralysed by Grinder
             ... on level 2 of the Dungeon.
             The game lasted 00:01:42 (1182 turns).

Kenran the Shooter (Spriggan Hunter)                Turns: 1182, Time: 00:01:43

Health: 0/18       AC:  2    Str:  7    XL:     3   Next: 67%
Magic:  4/4        EV:  4    Int: 10    God:
Gold:   146        SH:  0    Dex: 20    Spells: 2/2 levels left

rFire   . . .        a - +0 shortbow
rCold   . . .        (shield currently unavailable)
rNeg    . . .        c - +0 robe
rPois   .            (helmet restricted)
rElec   .            (no cloak)
rCorr   .            (gloves unavailable)
SInv    +            (boots unavailable)
Will    .....        (no amulet)
Stlth   ++           (no ring)
HPRegen 0.23/turn    (no ring)
MPRegen 0.09/turn

%: no passive effects
@: paralysed, very quick
A: very small, no large weapons, unfitting armour, see invisible, speed 3
a: no special abilities


You were on level 2 of the Dungeon.
You visited 1 branch of the dungeon, and saw 3 of its levels.

You collected 146 gold pieces.

Inventory:

Hand Weapons
 a - a +0 shortbow (weapon)
Missiles
 h - 2 poisoned darts
 i - 4 atropa-tipped darts
Armour
 c - a +0 robe (worn)
Scrolls
 b - a scroll of butterflies
 e - a scroll of amnesia {unknown}
 f - a scroll of teleportation
 k - a scroll of identify {unknown}
 m - a scroll of enchant weapon {unknown}
 n - a scroll of blinking {unknown}
Potions
 d - a potion of mutation {unknown}
 g - 2 potions of curing {unknown}
 j - a potion of lignification {unknown}
 l - a potion of heal wounds {unknown}


   Skills:
 - Level 1.5 Fighting
 + Level 5.4 Ranged Weapons
 - Level 2.6 Dodging
 - Level 1.5 Stealth


You had 2 spell levels left.
You didn't know any spells.
Your spell library contained the following spells:

 Spells                   Type           Power      Damage    Failure   Level
 Necrotise                Necr           0%         1d4       36%         1
 Lesser Beckoning         Tloc           0%         N/A       50%         2
 Gell's Gravitas          Tloc           0%         N/A       75%         3
 Teleport Other           Tloc           0%         N/A       75%         3
 Vampiric Draining        Necr           0%         2d6       75%         3
 Martyr's Knell           Necr/Summ      0%         N/A       98%         4
 Curse of Agony           Necr           0%         N/A       100%        5


Dungeon Overview and Level Annotations

Branches:
Dungeon (3/15)

Altars:

Annotations:
D:2 Grinder


Innate Abilities, Weirdness & Mutations

You are very small and have problems with some larger weapons.
You are too small for most types of armour.
You have supernaturally acute eyesight. (SInv)
You cover ground extremely quickly. (Speed+++)


Message History

Grinder comes into view.
You shoot an arrow.
The arrow hits Grinder but does no damage.
Grinder shouts!
A rat comes into view.
You shoot an arrow. The arrow hits Grinder!
Grinder is moderately wounded.
There is a stone staircase leading up here.
You shoot an arrow. The arrow hits Grinder!
Grinder is heavily wounded.
You shoot an arrow. The arrow hits Grinder.
Grinder is heavily wounded.
You shoot an arrow. The arrow closely misses Grinder.
You shoot an arrow.
The arrow hits Grinder but does no damage.
Grinder is heavily wounded.
Grinder gestures at you. You resist with significant effort.
You shoot an arrow. The arrow hits Grinder.
Grinder is severely wounded.
The rat completely misses you. Grinder hits you but does no damage.
You climb upwards.
There is a stone staircase leading down here.
You shoot an arrow. The arrow barely misses Grinder.
The rat closely misses you. Grinder misses you. The rat barely misses you.
Grinder gestures at you. Pain shoots through your body!
Ouch! That really hurt!
You are too injured to fight recklessly!
You are too injured to fight recklessly!
The rat barely misses you. Grinder gestures at you.
You suddenly lose the ability to move!
Grinder gestures at you. Pain shoots through your body!
* * * LOW HITPOINT WARNING * * *
The rat bites you but does no damage. The rat barely misses you.
The rat bites you.
You die...

#.##.⌠...⌠.##...).#.##.# #
#..#.......#.?....#....# ######
##.'...⌠...'......#.######.....
###.......#.####.#.#####..#.##
#.⌠...⌠.#.##...#.##....##.#<
#.......#.##.###.##..####.##
####'####.....##.#....###...
#.......##.##.......###..
#.......@r5...#.#.#.###..
#......###............'..
######## ##...#†#.#.###..
#........[..#.. #...#.#.#.#.#..
##>.........#.# ####....#.##.#
###..#..#'# ##.#.<...


You could see Grinder and a rat.

Vanquished Creatures
  2 adders (D:2)
  3 endoplasms (D:2)
  3 giant cockroaches
  2 hobgoblins (D:1)
  3 jackals (D:2)
  A quokka (D:2)
  5 ball pythons
  8 bats
  4 frilled lizards
  A goblin (D:2)
  5 kobolds
  A rat (D:1)
38 creatures vanquished.

Notes
Turn   | Place    | Note
-------+----------+-------------------------------------------
     0 | D:1      | Kenran the Spriggan Hunter began the quest for the Orb.
     0 | D:1      | Reached XP level 1. HP: 10/10 MP: 2/2
   337 | D:1      | Reached XP level 2. HP: 14/14 MP: 3/3
   694 | D:1      | You fall into a shaft and drop 1 floor!
   724 | D:2      | Reached skill level 5 in Ranged Weapons
   774 | D:2      | Reached XP level 3. HP: 18/18 MP: 4/4
  1158 | D:3      | Noticed Grinder
  1177 | D:2      | Paralysed by Grinder for 5 turns
  1182 | D:2      | Slain by a rat

Illustrated notes

Levels and vault maps discovered:
D:1:      sevenhm_arrival_forest_fort_small_4, layout_loops_corners
D:2:      layout_basic, serial_glass, glass_columns_b, glass_columns_a,
          minmay_fountain_box
D:3:      layout_rooms, serial_undead, serial_undead_e, serial_undead_d,
          serial_undead_e, serial_undead_d, dilly_ecumenical_altar_fadedgnrine,
          corexii_item_surrounded_by_moat, uniq_grinder

Skill      XL: |  1  2 |
---------------+-------+-----
Ranged Weapons | 5 |  5.4
Fighting       | |  1.5
Dodging        | |  2.6
Stealth        | |  1.5

Action                     || total
---------------------------++-------
   Fire: Shortbow          ||    93
    Use: Scroll            ||     2
 Armour: Robe              ||     9
  Dodge: Dodged            ||    17

Table legend: (Time is in decaauts)
 A = Elapsed time spent in this place.
 B = Non-inter-level travel time spent in this place.
 C = Inter-level travel time spent in this place.
 D = Time resting spent in this place.
 E = Time spent auto-exploring this place.
 F = Levels seen in this place.
 G = Mean time per level.
                   A        B        C        D        E       F      G
               +--------+--------+--------+--------+--------+-----+--------+
         Total |    794 |    785 |      9 |      0 |    599 |   3 |  264.7 |
       Dungeon |    794 |    785 |      9 |      0 |    599 |   3 |  264.7 |
               +--------+--------+--------+--------+--------+-----+--------+

Top non-repeatable levels by time:
     D:1: 456 daAuts
     D:2: 312 daAuts
     D:3: 24 daAuts
